 Dungeon Crawl Stone Soup version 0.31-a0-702-gf82c85558f (webtiles) character file.

Game seed: 12657533661167789475

88 qw the Shooter (level 4, -1/28 HPs)
             Began as a Gargoyle Hunter on Sept 8, 2023.
             Frozen to death by an endoplasm (3 damage)
             ... on level 2 of the Dungeon.
             The game lasted 00:00:35 (1126 turns).

qw the Shooter (Gargoyle Hunter)                    Turns: 1126, Time: 00:00:35

Health: -1/28      AC: 12    Str: 14    XL:     4   Next: 53%
Magic:  4/4        EV: 10    Int: 10    God:
Gold:   72         SH:  0    Dex: 15    Spells: 3/3 levels left

rFire   . . .        Y - +0 shortbow
rCold   . . .        (shield currently unavailable)
rNeg    + . .        h - +0 ring mail
rPois   inf          (no helmet)
rElec   +            (no cloak)
rCorr   .            (no gloves)
SInv    .            (no boots)
Will    .....        (no amulet)
Stlth   +            f - +4 ring of protection
HPRegen 0.24/turn    (no ring)
MPRegen 0.09/turn

%: no passive effects
@: no status effects
A: sickness immunity, AC +3, negative energy resistance 1, electricity
resistance, torment resistance 1, petrification resistance
a: no special abilities


You were on level 2 of the Dungeon.
You visited 1 branch of the dungeon, and saw 2 of its levels.

You collected 72 gold pieces.


Innate Abilities, Weirdness & Mutations

You are immune to sickness and miasma.
Your stone body is resilient. (AC +3)
You are immune to poison.
You resist negative energy. (rN+)
You are resistant to electric shocks. (rElec)
You are resistant to unholy torment.
You are immune to petrification.


   Skills:
 - Level 3.0 Fighting
 + Level 5.3 Ranged Weapons
 - Level 1.1 Armour
 - Level 1.5 Dodging
 - Level 1.1 Stealth


You had 3 spell levels left.
You didn't know any spells.
Your spell library was empty.

Inventory:

Hand Weapons
 Y - a +0 shortbow (weapon)
Armour
 h - a +0 ring mail (worn)
Jewellery
 f - a +4 ring of protection (left hand)
Potions
 a - a potion of curing {unknown}
 d - a potion of might {unknown}
 e - a potion of ambrosia {unknown}

Dungeon Overview and Level Annotations

Branches:
Dungeon (2/15)

Altars:

Annotations:
D:2 1 runed translucent door, Crazy Yiuf


Message History

The hobgoblin hits you but does no damage.
The adder bites you but does no damage.
You shoot an arrow.
The arrow closely misses the ball python.
The ball python closely misses you. The ball python constricts you.
The adder barely misses you. The endoplasm hits you.
The hobgoblin barely misses you.
The ball python bites you but does no damage.
The ball python constricts you.
You shoot an arrow. The arrow hits the ball python.
The ball python is heavily wounded.
The adder closely misses you. The endoplasm freezes you.
You are frozen.
The hobgoblin barely misses you.
The ball python bites you but does no damage.
The ball python constricts you. The adder bites you but does no damage.
You shoot an arrow. The arrow hits the ball python!
You kill the ball python!
The endoplasm hits you but does no damage.
The hobgoblin barely misses you. The adder bites you but does no damage.
The endoplasm freezes you.
You are frozen.
The hobgoblin barely misses you. The endoplasm freezes you.
You are frozen.
The adder bites you but does no damage.
You shoot an arrow. The arrow hits the adder.
You kill the adder!
The hobgoblin hits you. The endoplasm freezes you.
You are frozen.
The endoplasm barely misses you.
You shoot an arrow.
The arrow completely misses the hobgoblin.
The hobgoblin hits you but does no damage.
The endoplasm freezes you.
You are frozen.
The endoplasm hits you but does no damage.
You shoot an arrow. The arrow barely misses the hobgoblin.
The hobgoblin barely misses you. The endoplasm hits you.
The endoplasm freezes you.
You are frozen.
You die...

### #### ###### ###....
...###....#######g......
..........'.....@J......
..........######%J....##
..........# .........
..........# #.#.......
..........# .. ..###!.
##........# #.# .## .
#........# #. .#
#........# #. .#


You could see 2 endoplasms and a hobgoblin.

Vanquished Creatures
  3 gnolls (D:2)
  2 adders (D:2)
  A worm (D:2)
  3 dart slugs
  4 ball pythons (D:2)
  4 endoplasms
  2 giant cockroaches (D:1)
  4 goblins
  2 hobgoblins (D:1)
  A quokka (D:1)
  2 bats
  A frilled lizard (D:1)
  2 kobolds (D:2)
  3 rats (D:1)
34 creatures vanquished.

Notes
Turn   | Place    | Note
-------+----------+-------------------------------------------
     0 | D:1      | qw the Gargoyle Hunter began the quest for the Orb.
     0 | D:1      | Reached XP level 1. HP: 12/12 MP: 1/1
     0 | D:1      | 0 ||| qw: Version: 0.3-a-76-g4403597
     0 | D:1      | 0 ||| qw: Game counter: 1207
     0 | D:1      | 0 ||| qw: Melee chars always use a shield: true
     0 | D:1      | 0 ||| qw: God list: Okawaru
     0 | D:1      | 0 ||| qw: Allow faded altars: false
     0 | D:1      | 0 ||| qw: Do Orc after clearing Dungeon:15 true
     0 | D:1      | 0 ||| qw: Do second Lair branch before Depths: true
     0 | D:1      | 0 ||| qw: Lair rune preference: random
     0 | D:1      | 0 ||| qw: Goals: Normal
     0 | D:1      | 0 ||| PLANNING D:1-11
   185 | D:1      | Reached XP level 2. HP: 17/17 MP: 2/2
   739 | D:1      | 739 ||| UPGRADING to +0 ring mail.
   749 | D:1      | 749 ||| DROPPING +0 leather armour.
   750 | D:1      | 750 ||| UPGRADING to +4 ring of protection.
   751 | D:1      | 751 ||| READING scroll labelled KIAJO KU YKHO.
   755 | D:1      | 755 ||| DROPPING scroll of butterflies.
   803 | D:2      | 803 ||| STAIRDANCE
   814 | D:2      | Reached XP level 3. HP: 21/21 MP: 3/3
   830 | D:2      | 830 ||| Stepping ~*~*~tactically~*~*~ (outnumbered).
   847 | D:2      | Found a runed translucent door.
   848 | D:2      | Noticed Crazy Yiuf
   877 | D:2      | Reached skill level 1 in Armour
   922 | D:2      | 922 ||| Stepping ~*~*~tactically~*~*~ (outnumbered).
   924 | D:2      | 924 ||| RETREATING.
   926 | D:2      | 926 ||| Stepping ~*~*~tactically~*~*~ (retreating).
   935 | D:2      | Reached skill level 5 in Ranged Weapons
   943 | D:2      | 943 ||| FLEEEEING.
   944 | D:2      | 944 ||| FLEEEEING.
   945 | D:2      | 945 ||| FLEEEEING.
   946 | D:2      | 946 ||| FLEEEEING.
   947 | D:2      | 947 ||| FLEEEEING.
   948 | D:2      | 948 ||| FLEEEEING.
   949 | D:2      | 949 ||| FLEEEEING.
   950 | D:2      | 950 ||| FLEEEEING.
   951 | D:2      | 951 ||| FLEEEEING.
   952 | D:2      | 952 ||| FLEEEEING.
   953 | D:2      | 953 ||| FLEEEEING.
   954 | D:2      | 954 ||| FLEEEEING.
   955 | D:2      | 955 ||| FLEEEEING.
   956 | D:2      | 956 ||| FLEEEEING.
   957 | D:2      | 957 ||| FLEEEEING.
   958 | D:2      | 958 ||| FLEEEEING.
   959 | D:2      | 959 ||| FLEEEEING.
   960 | D:2      | 960 ||| FLEEEEING.
   961 | D:2      | 961 ||| FLEEEEING.
   963 | D:2      | 963 ||| FLEEEEING.
   965 | D:2      | 965 ||| FLEEEEING.
   966 | D:2      | 966 ||| FLEEEEING.
   967 | D:2      | 967 ||| FLEEEEING.
   968 | D:2      | 968 ||| FLEEEEING.
   969 | D:2      | 969 ||| FLEEEEING.
   970 | D:2      | 970 ||| FLEEEEING.
   971 | D:2      | 971 ||| FLEEEEING.
   972 | D:2      | 972 ||| FLEEEEING.
   973 | D:2      | 973 ||| FLEEEEING.
   974 | D:2      | 974 ||| FLEEEEING.
   975 | D:2      | 975 ||| FLEEEEING.
   976 | D:2      | 976 ||| FLEEEEING.
   977 | D:2      | 977 ||| FLEEEEING.
   978 | D:2      | 978 ||| FLEEEEING.
   979 | D:2      | 979 ||| FLEEEEING.
   980 | D:2      | 980 ||| FLEEEEING.
   981 | D:2      | 981 ||| STAIRDANCE
  1006 | D:2      | Reached XP level 4. HP: 22/27 MP: 4/4
  1006 | D:2      | 1006 ||| STAIRDANCE
  1049 | D:2      | Reached skill level 3 in Fighting
  1124 | D:2      | HP: 4/28 [frozen (4)]
  1126 | D:2      | Frozen to death by an endoplasm

Levels and vault maps discovered:
D:1:      ncdulo_lavacross, layout_loops_corners
D:2:      layout_basic, minmay_randomly_rotated_circles, uniq_crazy_yiuf_cottage

Skill      XL: |  1  2  3  4 |
---------------+-------------+-----
Armour         | 1 |  1.1
Ranged Weapons | 5 |  5.3
Fighting       | 3 |  3.0
Dodging        | |  1.5
Stealth        | |  1.1

Action                     |  1- 3 |  4- 6 || total
---------------------------+-------+-------++-------
   Fire: Shortbow          |    83 |    42 ||   125
    Use: Scroll            |     1 |       ||     1
 Armour: Leather armour    |     4 |       ||     4
         Ring mail         |    28 |    54 ||    82
  Dodge: Dodged            |    14 |    49 ||    63

Table legend:
 A = Non-vault XP
 B = Vault XP
 C = Vault XP percentage of total XP
 D = Non-vault monster count
 E = Vault monster count
 F = Vault count percentage of total count
                 A         B        C        D         E       F
            +---------+---------+-------+---------+---------+-------
      Total |     111 |      15 |  11.9 |      32 |       2 |   5.9
            +---------+---------+-------+---------+---------+-------
        D:1 |      33 |       0 |   0.0 |      17 |       0 |   0.0
        D:2 |      78 |      15 |  16.1 |      15 |       2 |  11.8
            +---------+---------+-------+---------+---------+-------
